 Dungeon Crawl Stone Soup version 0.24-a0-730-g011b83a (webtiles) character file.

Game seed: 15890093631339766634, levelgen mode: deterministic

61 slphil the Sneak (level 4, -2/29 HPs)
             Began as an Octopode Assassin on Oct 2, 2019.
             Slain by a gnoll
             ... wielding a +0 club
              (9 damage)
             ... on level 2 of the Dungeon.
             The game lasted 00:03:43 (1186 turns).

slphil the Sneak (Octopode Assassin)                Turns: 1186, Time: 00:03:44

Health: -2/29      AC:  1    Str: 10    XL:     4   Next: 7%
Magic:  4/4        EV: 13    Int: 14    God:
Gold:   67         SH:  0    Dex: 13    Spells: 3/3 levels left

rFire    . . .     SeeInvis .   a - +2 dagger
rCold    . . .     Gourm    .   (no shield)
rNeg     . . .     Faith    .   (helmet restricted)
rPois    .         Spirit   .   (no amulet)
rElec    .         Reflect  .   i - ring of protection from magic
rCorr    .         Harm     .   (no ring)
MR       +....                  (no ring)
Stlth    ++++......             (no ring)
HPRegen  0.09/turn              (no ring)
MPRegen  0.09/turn              (no ring)
                                (no ring)
                                (no ring)

@: no status effects
A: almost no armour, stealthy swim, amphibious, 8 rings, constrict 8, camouflage
1, gelatinous body 1
a: no special abilities


You were on level 2 of the Dungeon.
You were not hungry.

You visited 1 branch of the dungeon, and saw 2 of its levels.

You collected 67 gold pieces.

Inventory:

Hand Weapons
 a - a +2 dagger (weapon)
 e - a +0 dagger of holy wrath
Missiles
 b - 8 poisoned darts (quivered)
 c - 2 curare-tipped darts
 g - 5 stones
 k - 22 sling bullets
Jewellery
 i - a ring of protection from magic (left tentacle)
Scrolls
 h - a scroll of immolation {unknown}
 j - a scroll of magic mapping {unknown}
 n - a scroll of identify {unknown}
 o - a scroll of enchant weapon {unknown}
 p - a scroll of remove curse {unknown}
 q - a scroll of random uselessness {unknown}
Potions
 f - a potion of ambrosia {unknown}
 l - a potion of brilliance {unknown}
Comestibles
 d - 3 rations
 m - 5 chunks of flesh


   Skills:
 - Level 2.0 Fighting
 * Level 3.0 Short Blades
 + Level 2.5 Throwing
 + Level 1.8 Dodging
 + Level 5.8 Stealth


You had 3 spell levels left.
You didn't know any spells.
Your spell library was empty.

Dungeon Overview and Level Annotations

Branches:
Dungeon (2/15)

Altars:


Innate Abilities, Weirdness & Mutations

You cannot wear most types of armour.
You are very stealthy in the water. (Stealth+)
You are amphibious.
You can wear up to eight rings at the same time.
You can use your tentacles to constrict eight enemies at once.
Your skin changes colour to match your surroundings (Stealth+).
Your rubbery body absorbs attacks. (AC +1, EV +1)


Message History

You constrict the gnoll. You hit the gnoll.
You kill the gnoll!
Your Short Blades skill increases to level 3!
You have reached level 4!
The gnoll hits you from afar with a +0 spear!
Things that are here:
a +0 flail; a gnoll corpse You barely miss the gnoll.
The gnoll shouts!
You grab the gnoll. You squeeze the gnoll!
The gnoll is severely wounded.
You constrict the gnoll. The gnoll hits you with a +0 spear.
The gnoll barely misses you.
You hit the gnoll. Your grab misses the gnoll.
The gnoll is lightly wounded.
You constrict the gnoll. The gnoll hits you with a +0 spear!
* * * LOW HITPOINT WARNING * * *
The gnoll hits you but does no damage. The gnoll hits you with a +0 club!
You die...

.....##.###...#
.... ##.#...#.#
... #....gg..#
#..#.#..##
#.......#
#.#..##.# ###
#g###.#
..>..#g###.#
#..g@...#
#.#.##### #.#.#
# #.# ..# ###


You could see 3 gnolls.

Vanquished Creatures
  2 gnolls
  An ooze (D:1)
  A worm (D:2)
  A dart slug (D:2)
  A leopard gecko (D:1)
  4 bats (D:1)
  2 giant cockroaches (D:1)
  5 hobgoblins
  A quokka (D:2)
  A frilled lizard (D:1)
  3 goblins (D:1)
  4 kobolds (D:1)
  6 rats (D:1)
32 creatures vanquished.

Notes
Turn   | Place    | Note
-------+----------+-------------------------------------------
     0 | D:1      | slphil the Octopode Assassin began the quest for the Orb.
     0 | D:1      | Reached XP level 1. HP: 14/14 MP: 1/1
    65 | D:1      | Reached XP level 2. HP: 15/19 MP: 2/2
   780 | D:1      | Reached XP level 3. HP: 24/24 MP: 3/3
  1183 | D:2      | Reached XP level 4. HP: 28/29 MP: 4/4
  1186 | D:2      | Slain by a gnoll

Levels and vault maps discovered:
D:1:      evilmike_arrival_hilbert_curve, layout_basic, minmay_misc_feat_square,
          chequers_serial_rivers_small_3, dk_noncrumbling_3, st_stairs_2,
          minmay_split_cup_large
D:2:      layout_loops_cross

Skill      XL: |  1  2  3 |
---------------+----------+-----
Short Blades   | 3 |  3.0
Fighting       | |  2.0
Throwing       | |  2.5
Dodging        | |  1.8
Stealth        | |  5.8

Action                   |  1- 3 |  4- 6 || total
-------------------------+-------+-------++-------
Melee: Dagger            |    69 |     2 ||    71
       Constrict         |    15 |     1 ||    16
       Tentacles         |     6 |     1 ||     7
 Stab: Sleeping          |    10 |       ||    10
  Eat: Chunk             |     1 |       ||     1
Armor: Skin              |     5 |       ||     5
Dodge: Dodged            |    31 |     1 ||    32

Table legend:
 A = Non-vault XP
 B = Vault XP
 C = Vault XP percentage of total XP
 D = Non-vault monster count
 E = Vault monster count
 F = Vault count percentage of total count
                 A         B        C        D         E       F
            +---------+---------+-------+---------+---------+-------
      Total |      77 |      11 |  12.5 |      25 |       7 |  21.9
            +---------+---------+-------+---------+---------+-------
        D:1 |      47 |      11 |  19.0 |      19 |       7 |  26.9
        D:2 |      30 |       0 |   0.0 |       6 |       0 |   0.0
            +---------+---------+-------+---------+---------+-------
